 Dungeon Crawl Stone Soup version 0.23-a0-451-g1044d4c (webtiles) character file.

10 Dfrag the Firebug (level 2, -1/19 HPs)
             Began as a Demonspawn Fire Elementalist on Nov 22, 2018.
             Killed from afar by a dart slug (5 damage)
             ... with a slug dart
             ... on level 1 of the Dungeon.
             The game lasted 00:00:49 (152 turns).

Dfrag the Firebug (Demonspawn Fire Elementalist)     Turns: 152, Time: 00:00:50

Health: -1/19      AC:  2    Str:  8    XL:     2   Next: 10%
Magic:  0/5        EV: 12    Int: 16    God:
Gold:   7          SH:  0    Dex: 13    Spells: 4/5 levels left

rFire    . . .     SeeInvis .   d - +0 dagger
rCold    . . .     Gourm    .   (no shield)
rNeg     . . .     Faith    .   a - +0 robe
rPois    .         Spirit   .   (no helmet)
rElec    .         Reflect  .   (no cloak)
rCorr    .         Harm     .   (no gloves)
MR       .....                  (no boots)
Stlth    ++........             (no amulet)
HPRegen  0.06/turn              (no ring)
MPRegen  0.09/turn              (no ring)

@: no status effects
A: hooves 1
a: no special abilities


You were on level 1 of the Dungeon.
You were not hungry.

You visited 1 branch of the dungeon, and saw 1 of its levels.

You collected 7 gold pieces.

Inventory:

Hand Weapons
 d - a +0 dagger (weapon)
Armour
 a - a +0 robe (worn)
Scrolls
 b - a scroll of noise {unknown}
Comestibles
 c - a ration


   Skills:
 - Level 1.7 Dodging
 - Level 1.7 Stealth
 + Level 2.2 Spellcasting
 + Level 1.4 Conjurations
 + Level 2.9 Fire Magic


You had 4 spell levels left.
You knew the following spells:

 Your Spells              Type           Power        Failure   Level  Hunger
a - Flame Tongue          Conj/Fire      #....        9%          1    #......

Your spell library contained the following spells:

 Spells                   Type           Power        Failure   Level  Hunger
 Throw Flame              Conj/Fire      #.....       12%         2    ###....
 Conjure Flame            Conj/Fire      #.......     24%         3    ###....
 Inner Flame              Hex/Fire       #.......     32%         3    ###....
 Sticky Flame             Conj/Fire      #.......     63%         4    #####..
 Fireball                 Conj/Fire      #.........   92%         5    ######.


Dungeon Overview and Level Annotations

Branches:
Dungeon (1/15)

Altars:


Innate Abilities, Weirdness & Mutations

You have large cloven feet.


Message History

Confirm with . or Enter, or press ? or * to list all spells.
You don't have enough magic to cast that spell.
Unknown command.
Casting: Flame Tongue (safe; 9% risk of failure)
Confirm with . or Enter, or press ? or * to list all spells.
You don't have enough magic to cast that spell.
Unknown command.
The dart slug launches a dart at you. The slug dart misses you.
Casting: Flame Tongue (safe; 9% risk of failure)
Confirm with . or Enter, or press ? or * to list all spells.
Aiming: Flame Tongue (safe; 9% risk of failure)
Press: ? - help, Shift-Dir - straight line, f/p - dart slug
Aim: a dart slug (severely wounded)
The flame tongue hits the dart slug.
The dart slug is severely wounded.
The giant cockroach waves its antennae.
The dart slug launches a dart at you. The slug dart hits you!
You die...

##### ####### ##...#
#....?# ##...# #.....#
##...# #.w...# ##...#
#####.....#
##...#######...'@.s..#
##...##....#.###.....#
..†...#....'.# ###+###
#####.#....###
#####.####.#########
............(†......
..............).....
#.)..)..............
#.......############


You could see a dart slug and a giant cockroach.

Vanquished Creatures
  A leopard gecko (D:1)
  2 bats (D:1)
  2 hobgoblins (D:1)
  A frilled lizard (D:1)
  2 goblins (D:1)
  A kobold (D:1)
9 creatures vanquished.

Notes
Turn   | Place    | Note
-------+----------+-------------------------------------------
     0 | D:1      | Dfrag the Demonspawn Fire Elementalist began the quest for
                  | the Orb.
     0 | D:1      | Reached XP level 1. HP: 13/13 MP: 3/3
   110 | D:1      | Gained mutation: You have large cloven feet. [demonic
                  | ancestry]
   110 | D:1      | Reached XP level 2. HP: 2/19 MP: 0/5
   152 | D:1      | Killed from afar by a dart slug

Vault maps used:
D:1:      saegor_arrival_under_anarchy

Action                   || total
-------------------------++-------
Melee: Dagger            ||    11
       Unarmed           ||     6
 Cast: Flame Tongue      ||    12
Armor: Robe              ||     6
Dodge: Dodged            ||    22

Table legend:
 A = Non-vault XP
 B = Vault XP
 C = Vault XP percentage of total XP
 D = Non-vault monster count
 E = Vault monster count
 F = Vault count percentage of total count
                 A         B        C        D         E       F
            +---------+---------+-------+---------+---------+-------
      Total |      15 |       0 |   0.0 |       9 |       0 |   0.0
            +---------+---------+-------+---------+---------+-------
        D:1 |      15 |       0 |   0.0 |       9 |       0 |   0.0
            +---------+---------+-------+---------+---------+-------
